 Dungeon Crawl Stone Soup version 0.20-a0-936-gaf809b6 (webtiles) character file.

896 Ordine the Covert (level 8, 0/54 HPs)
             Began as an Octopode Monk on Mar 29, 2017.
             Killed from afar by Conn321's ghost (9 damage)
             ... with a puff of frost
             ... on level 5 of the Dungeon.
             The game lasted 00:25:28 (5260 turns).

Ordine the Covert (Octopode Monk)                   Turns: 5260, Time: 00:25:28

Health: 0/54       AC:  2    Str: 11    XL:     8   Next: 7%
Magic:  8/8        EV: 22    Int: 14    God:
Gold:   267        SH:  0    Dex: 19    Spells: 7/7 levels left

rFire    . . .     SeeInvis .     - Unarmed
rCold    . . .     Gourm    +   (no shield)
rNeg     + . .     Faith    .   (helmet restricted)
rPois    .         Spirit   .   q - amulet of the gourmand
rElec    .         Reflect  .   f - ring of positive energy
rCorr    +         Harm     .   r - +1 ring of protection
MR       .....                  t - ring of resist corrosion
Stlth    ++++++....             (no ring)
Regen    0.2/turn               (no ring)
MPRegen  0.2/turn               (no ring)
                                (no ring)
                                (no ring)

@: agile
A: almost no armour, stealthy swim, amphibious, 8 rings, constrict 8, camouflage
1, gelatinous body 1
a: no special abilities


You were on level 5 of the Dungeon.
You were completely stuffed.

You visited 1 branch of the dungeon, and saw 5 of its levels.

You collected 267 gold pieces.

Inventory:

Missiles
 b - 174 stones (quivered)
 p - 20 poisoned needles
Jewellery
 c - an uncursed amulet of harm
 f - a ring of positive energy (left tentacle)
 q - an amulet of the gourmand (around mantle)
 r - a +1 ring of protection (right tentacle)
 t - a ring of resist corrosion (on tentacle)
Scrolls
 e - 3 scrolls of teleportation
 g - 2 scrolls of remove curse
 i - 3 scrolls of amnesia
 j - 3 scrolls of enchant weapon
 k - 2 scrolls of enchant armour
 u - a scroll of blinking
Potions
 l - a potion of curing
Books
 o - Sif Muna's Disquisition on Aid
   (You found it on level 3 of the Dungeon)

   Spells                             Type                      Level
   a - Infusion                       Charms                       1
Comestibles
 a - 6 bread rations
 d - 8 royal jellies
 s - 4 fruits


   Skills:
 - Level 4.0 Fighting
 + Level 5.9 Dodging
 + Level 8.4 Stealth
 * Level 6.1 Unarmed Combat


You had 7 spell levels left.
You didn't know any spells.

Dungeon Overview and Level Annotations

Branches:
Dungeon (5/15)
 Temple: D:4-7

Altars:
Gozag
Hepliaklqana
Kikubaaqudgha
Ru
Sif Muna
Uskayaw
Vehumet
Yredelemnul
Zin

Annotations:
D:3 Oki's ghost, amateur HOFi
D:5 Conn321's ghost, novice OpIE


Innate Abilities, Weirdness & Mutations

You cannot wear most types of armour.
You are very stealthy in the water. (Stealth+)
You are amphibious.
You can wear up to eight rings at the same time.
You can use your tentacles to constrict eight enemies at once.
Your skin changes colour to match your surroundings (Stealth+).
Your rubbery body absorbs attacks. (AC +1, EV +1)


Message History

The puff of frost hits you!
You closely miss Conn321's ghost.
Conn321's ghost is lightly damaged.
Conn321's ghost misses you.
You tentacle-slap Conn321's ghost. Your squeeze misses Conn321's ghost.
Conn321's ghost is lightly damaged.
Conn321's ghost says very slowly, "There's no hope."
Conn321's ghost stares at you and mumbles some strange words.
The puff of frost hits you!
* * * LOW HITPOINT WARNING * * *
You feel much better. Conn321's ghost hits you. Conn321's ghost hits you.
Conn321's ghost hits you.
Conn321's ghost whispers, "Everlasting silence awaits you..."
Conn321's ghost casts a spell at you. The puff of frost hits you!
* * * LOW HITPOINT WARNING * * *
Conn321's ghost casts a spell at you. The puff of frost hits you!
You die...

###.###.#.##
#.............#.#. #...#
#..#.#####.#..####.###...#.
#.#.###.###......#..##
#.####..#.
.........#.#######...#
#.#....... .#..###.#.##
##.## #.........
###..W..#.# #.# ###.##....
.#..#####.# #.# #.##....
...## #W#
#######W######.##...> ####
#.# #...@...#............
#.###.#####..............
..... #.....#
###..###.#..... #####
#####.# #..# #.##.#.. #.#
#..###.##.#..
#.#######..#........<
#............######..
#.#######..### #.. #.# #..#
#.#


You could see Conn321's ghost.

Vanquished Creatures
  Eustachio (D:4)
  2 ogres (D:4)
  A howler monkey (D:4)
  A crimson imp (D:5)
  A hound (D:4)
  2 orc priests (D:4)
  Crazy Yiuf (D:2)
  A bullfrog skeleton (D:4)
  An iguana (D:5)
  3 orc wizards
  3 worker ants
  2 hound skeletons
  8 adders
  2 adder skeletons (D:4)
  A worm (D:2)
  2 dart slugs (D:1)
  2 leopard geckos
  15 orcs
  2 bats (D:3)
  2 giant cockroaches
  7 hobgoblins
  9 jackals
  A quokka (D:4)
  5 frilled lizards
  7 goblins
  3 kobolds
  A leopard gecko zombie (D:5)
  6 rats
92 creatures vanquished.

Notes
Turn   | Place    | Note
-------+----------+-------------------------------------------
     0 | D:1      | Ordine the Octopode Monk began the quest for the Orb.
     0 | D:1      | Reached XP level 1. HP: 17/17 MP: 1/1
   261 | D:1      | Reached XP level 2. HP: 15/22 MP: 2/2
   272 | D:1      | Reached skill level 1 in Unarmed Combat
   755 | D:1      | Reached XP level 3. HP: 23/27 MP: 3/3
  1039 | D:2      | Found a basalt altar of Yredelemnul.
  1107 | D:2      | Reached skill level 6 in Stealth
  1116 | D:2      | Found a hide-covered altar of Uskayaw.
  1414 | D:2      | Found a runed door.
  1529 | D:2      | Noticed Crazy Yiuf
  1536 | D:2      | Killed Crazy Yiuf
  1536 | D:2      | Reached XP level 4. HP: 23/33 MP: 4/4
  1805 | D:3      | Noticed Oki's ghost (amateur HOFi)
  1840 | D:3      | Found a sacrificial altar of Ru.
  1851 | D:3      | Found a radiant altar of Vehumet.
  1889 | D:3      | Found a deep blue altar of Sif Muna.
  1906 | D:3      | Reached XP level 5. HP: 28/37 MP: 5/5
  1915 | D:3      | Identified Sif Muna's Disquisition on Aid
  2080 | D:3      | Found a deep blue altar of Sif Muna.
  2397 | D:3      | Found a hazy altar of Hepliaklqana.
  2460 | D:3      | Found an ancient bone altar of Kikubaaqudgha.
  2793 | D:4      | Noticed Eustachio
  3092 | D:4      | Found an opulent altar of Gozag.
  3092 | D:4      | Found a glowing silver altar of Zin.
  3174 | D:4      | Reached XP level 6. HP: 43/43 MP: 6/6
  3181 | D:4      | Reached skill level 7 in Stealth
  3457 | D:4      | Reached skill level 5 in Dodging
  3887 | D:4      | Reached XP level 7. HP: 46/48 MP: 7/7
  3940 | D:4      | Reached skill level 5 in Unarmed Combat
  3949 | D:4      | Killed Eustachio
  3949 | D:4      | Reached skill level 8 in Stealth
  4125 | D:5      | Entered Level 5 of the Dungeon
  4343 | D:5      | Noticed Conn321's ghost (novice OpIE)
  4911 | D:5      | Reached XP level 8. HP: 51/54 MP: 8/8
  5260 | D:5      | Killed from afar by Conn321's ghost

Vault maps used:
D:1:      dpeg_arrival_simpleton_a
D:2:      eat_drink_and_be_merry_uskayaw, overflow_temple_1_default,
          serial_glass, glass_columns_a, glass_columns_b,
          uniq_crazy_yiuf_cottage
D:3:      lemuel_round_altar, lemuel_doored_altar, kiku_gazebo_garden_becter,
          amethyst_overflow_temple_binary, led_sif_book
D:4:      grunt_temple_overflow_gold_and_silver, uniq_eustachio
D:5:      serial_shops, nicolae_shop_window_shopping, first_bread

Skill      XL: |  1  2  3  4  5  6  7 |
---------------+----------------------+-----
Unarmed Combat | 1 2 3 4 6 |  6.1
Stealth        | 6 7 8 |  8.4
Dodging        | 5 |  5.9
Fighting       | |  4.0

Action                   |  1- 3 |  4- 6 |  7- 9 || total
-------------------------+-------+-------+-------++-------
Melee: Unarmed           |    92 |   100 |   109 ||   301
       Constrict         |    24 |    26 |    19 ||    69
       Tentacles         |    17 |    23 |    20 ||    60
       Punch             |     2 |     1 |     3 ||     6
Throw: Stone             |     2 |     3 |     9 ||    14
  Use: Scroll            |    10 |     5 |       ||    15
       Potion            |     1 |     3 |     5 ||     9
 Stab: Sleeping          |     9 |    11 |     5 ||    25
       Distracted        |       |     2 |       ||     2
  Eat: Chunk             |     2 |    10 |    10 ||    22
Armor: Skin              |     2 |     6 |     9 ||    17
Dodge: Dodged            |    51 |    53 |    83 ||   187
